 Dungeon Crawl Stone Soup version 0.26.0-57-g60708a5e39 (webtiles) character file.

Game seed: 11484139749515769596

(classic levelgen) 442 thiole the Ducker (level 7, -7/45 HPs)
             Began as an Octopode Hedge Wizard on Feb 1, 2021.
             Was an Initiate of Gozag.
             Mangled by a centaur zombie (8 damage)
             ... in an ossuary.
             The game lasted 00:09:11 (4710 turns).

thiole the Ducker (Octopode Hedge Wizard)           Turns: 4710, Time: 00:09:11

Health: -7/45      AC:  1    Str: 10    XL:     7   Next: 2%
Magic:  1/11       EV: 14    Int: 18    God:    Gozag
Gold:   223        SH:  0    Dex: 11    Spells: 6/12 levels left

rFire    . . .     SeeInvis .   a - +0 dagger
rCold    . . .     Faith    .   (no shield)
rNeg     . . .     Spirit   .   b - +0 hat
rPois    .         Reflect  .   (no amulet)
rElec    .         Harm     .   (no ring)
rCorr    .         Rampage  .   (no ring)
Will     .....                  (no ring)
Stlth    +++.......             (no ring)
HPRegen  0.15/turn              (no ring)
MPRegen  0.12/turn              (no ring)
                                (no ring)
                                (no ring)

@: attractive
A: almost no armour, stealthy swim, amphibious, 8 rings, constrict 8, camouflage
1, gelatinous body 1
a: Renounce Religion, Potion Petition, Call Merchant, Bribe Branch


You were in an ossuary.
You worshipped Gozag.
Gozag was aware of your devotion.
You visited 1 branch of the dungeon, and saw 4 of its levels.
You also visited: Ossuary.

You collected 303 gold pieces.
You paid 80 gold pieces to Gozag.

Inventory:

Hand Weapons
 a - a +0 dagger (weapon)
Missiles
 h - 30 sling bullets
Armour
 b - a +0 hat (worn)
Scrolls
 d - 2 scrolls of amnesia
 g - 4 scrolls of enchant weapon
 i - 4 scrolls of immolation
 j - a scroll of teleportation
Potions
 c - 4 potions of flight
 f - a potion of magic
 m - a potion of cancellation
 n - a potion of brilliance


   Skills:
 - Level 2.0 Fighting
 - Level 4.0 Dodging
 - Level 4.0 Stealth
 - Level 3.0 Spellcasting
 - Level 3.0 Conjurations
 - Level 1.1 Summonings
 - Level 1.1 Translocations
 + Level 2.8 Air Magic
 - Level 3.0 Poison Magic


You had 6 spell levels left.
You knew the following spells:

 Your Spells              Type           Power        Failure   Level
a - Magic Dart            Conj           52%          4%          1
b - Call Imp              Summ           6%           16%         2
c - Mephitic Cloud        Conj/Pois/Air  13%          14%         3

Your spell library contained the following spells:

 Spells                   Type           Power        Failure   Level
 Blink                    Tloc           N/A          16%         2
 Slow                     Hex            2%           24%         2
 Conjure Flame            Conj/Fire      8%           26%         3


Dungeon Overview and Level Annotations

Branches:
Dungeon (4/15)            Ossuary (1/1)
 Temple: D:4-7

Altars:
Gozag
Wu Jian
Zin


Innate Abilities, Weirdness & Mutations

You cannot wear most types of armour.
You are very stealthy in the water. (Stealth+)
You are amphibious.
You can wear up to eight rings at the same time.
You can use your tentacles to constrict eight enemies at once.
Your skin changes colour to match your surroundings (Stealth+).
Your rubbery body absorbs attacks. (AC +1, EV +1)


Message History

The centaur zombie hits you. The centaur zombie hits you!
* * * LOW HITPOINT WARNING * * *
You hit the centaur zombie.
The centaur zombie is heavily damaged.
The centaur zombie hits you!
* * * LOW HITPOINT WARNING * * *
It was a potion of attraction.
You feel attractive to monsters. The centaur zombie barely misses you.
The centaur zombie hits you.
* * * LOW HITPOINT WARNING * * *
There is an open door here.
Unknown command.
Casting: Magic Dart (safe; 4% risk of failure)
Confirm with . or Enter, or press ? or * to list all spells.
You don't have enough magic to cast that spell.
As you read the scroll of fog, it crumbles to dust.
The scroll dissolves into smoke.
The centaur zombie hits you!
You die...
Your body crumbles into a pile of gold.

≈≈ # .≈ ##≈
#≈#####
≈≈.'$#..§#
#≈#≈#§§§#
.≈≈#.§@# #
###$##Z##'##'##
#.'..§.........
###'#+#'#+#'#'#
#. #.# ## ###


You could see a centaur zombie.

Vanquished Creatures
  A black bear (D:3)
  Blork the orc (D:4)
  A bullfrog zombie (Ossuary)
  A hound zombie (Ossuary)
  9 mummies (Ossuary)
  4 adders
  3 oozes
  2 adder zombies (Ossuary)
  A dart slug (D:1)
  2 leopard geckos
  4 ball pythons
  5 giant cockroaches
  9 goblins
  7 hobgoblins
  3 jackals (D:2)
  7 bats
  10 frilled lizards
  11 kobolds
  A leopard gecko zombie (Ossuary)
  9 rats
91 creatures vanquished.

Vanquished Creatures (collateral kills)
  A bullfrog zombie (Ossuary)
  3 mummies (Ossuary)
  A leopard gecko zombie (Ossuary)
5 creatures vanquished.

Vanquished Creatures (others)
  7 withered plants (Ossuary)
7 creatures vanquished.

Grand Total: 103 creatures vanquished

Notes
Turn   | Place    | Note
-------+----------+-------------------------------------------
     0 | D:1      | thiole the Octopode Hedge Wizard began the quest for the
                  | Orb.
     0 | D:1      | Reached XP level 1. HP: 11/11 MP: 4/4
   193 | D:1      | Reached XP level 2. HP: 5/17 MP: 0/6
   974 | D:1      | Reached XP level 3. HP: 20/21 MP: 1/7
  2190 | D:2      | Reached skill level 1 in Fighting
  2510 | D:2      | Reached XP level 4. HP: 26/28 MP: 5/8
  3498 | D:3      | Found a glowing silver altar of Zin.
  3510 | D:3      | Reached XP level 5. HP: 34/34 MP: 3/9
  3734 | D:3      | Noticed a black bear
  3739 | D:3      | Learned a level 2 spell: Call Imp
  3743 | D:3      | Learned a level 3 spell: Mephitic Cloud
  3766 | D:3      | Killed a black bear
  3905 | D:3      | Found an opulent altar of Gozag.
  3977 | D:3      | Became a worshipper of Gozag Ym Sagoz the Greedy
  4229 | D:4      | Noticed Blork the orc
  4232 | D:4      | Found an ornate altar of the Wu Jian Council.
  4246 | D:4      | Killed Blork the orc
  4247 | D:4      | Reached skill level 1 in Poison Magic
  4247 | D:4      | Reached XP level 6. HP: 21/39 MP: 2/10
  4421 | D:4      | Found a sand-covered staircase.
  4426 | Ossuary  | Entered an ossuary
  4435 | Ossuary  | Reached skill level 1 in Air Magic
  4677 | Ossuary  | Reached XP level 7. HP: 27/45 MP: 8/11
  4705 | Ossuary  | HP: 1/45 [centaur zombie (8)]
  4710 | Ossuary  | Mangled by a centaur zombie

Illustrated notes

Levels and vault maps discovered:
D:1:      onia_arrival_handbag, layout_loops_cross
D:2:      layout_basic, serial_corexii_hall, corexii_hall_statues_x,
          chequers_hall_statues_y
D:3:      layout_basic, grunt_gozag_statues, zin_treasury
D:4:      layout_basic, yredelemnul_forgotten_temple_becter,
          nicolae_overflow_hidden_temple, enter_ossuary_3, st_stairs_4,
          uniq_robin, uniq_sigmund, uniq_blork_the_orc
Ossuary:  ossuary_zaba_flooded

Skill      XL: |  1  2  3  4  5  6 |
---------------+-------------------+-----
Conjurations   | 2 3 |  3.0
Fighting       | 1 2 |  2.0
Dodging        | 3 4 |  4.0
Stealth        | 3 4 |  4.0
Poison Magic   | 1 3 |  3.0
Air Magic      | 2 |  2.8
Spellcasting   | |  3.0
Summonings     | |  1.1
Translocations | |  1.1

Action                   |  1- 3 |  4- 6 |  7- 9 || total
-------------------------+-------+-------+-------++-------
Melee: Dagger            |    22 |    70 |     9 ||   101
       Tentacles         |     5 |    19 |       ||    24
       Constrict         |     4 |    19 |     2 ||    25
 Cast: Magic Dart        |    91 |    91 |    11 ||   193
       Call Imp          |       |    13 |       ||    13
  Use: Scroll            |       |    11 |     1 ||    12
       Potion            |       |     1 |     1 ||     2
 Stab: Sleeping          |     1 |     1 |       ||     2
       Distracted        |       |     1 |     1 ||     2
Armor: Skin              |       |     3 |     1 ||     4
Dodge: Dodged            |    26 |    48 |     3 ||    77
